 Dungeon Crawl Stone Soup version 0.31-a0-986-g5e6e4ef867 (webtiles) character file.

Game seed: 8635822568584092529

54 Dordric the Ruffian (level 3, 0/24 HPs)
             Began as an Octopode Shapeshifter on Nov 24, 2023.
             Slain by a jackal (2 damage)
             ... on level 2 of the Dungeon.
             The game lasted 00:01:34 (1128 turns).

Dordric the Ruffian (Octopode Shapeshifter)         Turns: 1128, Time: 00:01:35

Health: 0/24       AC:  1    Str: 12 (15) XL:     3   Next: 91%
Magic:  3/3        EV: 13    Int: 10 (12) God:
Gold:   31         SH:  0    Dex:  8 (11) Spells: 2/2 levels left

rFire   . . .        l - +1 dagger (venom)
rCold   . . .        (no shield)
rNeg    . . .        (helmet currently unavailable)
rPois   .            e - amulet of magic regeneration
rElec   .            (no ring)
rCorr   .            (no ring)
SInv    +            (no ring)
Will    .....        (no ring)
Stlth   ++           (no ring)
HPRegen 0.24/turn    (no ring)
MPRegen 0.48/turn    (no ring)
                     (no ring)

%: no passive effects
@: beast-form
A: beast (slay +1), almost no armour, amphibious, 8 rings, camouflage 1,
gelatinous body 1, (nimble swimmer 1), tentacles, see invisible
a: Begin Untransformation


You were on level 2 of the Dungeon.
You were a hulking beast.
You visited 1 branch of the dungeon, and saw 2 of its levels.

You collected 31 gold pieces.

Inventory:

Hand Weapons
 l - a +1 dagger of venom (weapon)
Jewellery
 e - an amulet of magic regeneration (around mantle)
Talismans
 b - a beast talisman
 c - a flux talisman
Scrolls
 d - a scroll of noise {unknown}
 f - 2 scrolls of identify {unknown}
 g - a scroll of revelation {unknown}
 i - a scroll of poison {unknown}
 k - a scroll of teleportation {unknown}
Potions
 a - a potion of lignification
 h - a potion of mutation


   Skills:
 + Level 2.0 Fighting
 + Level 2.6 Dodging
 + Level 3.4 Unarmed Combat
 + Level 3.4 Shapeshifting


You had 2 spell levels left.
You didn't know any spells.
Your spell library contained the following spells:

 Spells                   Type           Power      Damage    Failure   Level
 Apportation              Tloc           0%         N/A       36%         1
 Necrotise                Necr           0%         1d4       36%         1
 Summon Small Mammal      Summ           0%         N/A       36%         1


Dungeon Overview and Level Annotations

Branches:
Dungeon (2/15)

Altars:
Kikubaaqudgha

Shops:
D:1 :??=(


Innate Abilities, Weirdness & Mutations

You are a hulking beast.
Your limbs bulge with bestial killing power. (Slay +1)
You cannot wear most types of armour.
You are amphibious.
You can wear up to eight rings at the same time.
Your skin changes colour to match your surroundings (Stealth+).
Your rubbery body absorbs attacks. (AC +1, EV +1)
((You are camouflaged when in or above water. (Stealth+)))
You have tentacles for arms and can constrict up to eight enemies at once.
You have supernaturally acute eyesight. (SInv)


Message History

The jackal barks! 2 gnolls and a jackal come into view.
Found 11 gold pieces.
You hit the bat.
You kill the bat!
The gnoll shouts! x2
An adder comes into view.
The rat barely misses you.
You barely miss the rat. You grab the rat. You constrict the rat.
The rat completely misses you.
You hit the rat.
You kill the rat!
The quokka bites you. The jackal closely misses you.
You hit the jackal. You grab the jackal.
The jackal is severely wounded.
You constrict the jackal, but do no damage.
The jackal bites you. The quokka bites you.
The gnoll hits you from afar with a +0 spear.
A gnoll comes into view. It is wielding a +0 whip.
The jackal barely misses you. The jackal completely misses you.
The quokka bites you.
You release your grip on the jackal.
The jackal bites you. The jackal bites you.
* * * LOW HITPOINT WARNING * * *
The jackal attacks as it pursues you! The jackal closely misses you.
The jackal attacks as it pursues you! The jackal barely misses you.
The jackal bites you.
* * * LOW HITPOINT WARNING * * *
Things that are here:
a +0 whip; a kobold corpse It was a potion of mutation.
You feel extremely strange.
Your vision sharpens.
The jackal bites you.
* * * LOW HITPOINT WARNING * * *
The jackal misses you.
It was a potion of degeneration.
There was something very wrong with that liquid.
You feel weakened.
You feel dopey.
You feel clumsy. The jackal bites you.
You die...

### #.....#
....#.....# #..
.....### +..........
...#....# # .....
..##.####.##########
........ggShhh....>#
#######.##########.#
#######.......# #.#
#.....r.#####.# #.#
#...$.gg......# #.#
+..........#### #.#
...........# #.#
.P.........# ###.#
.P.........# #...#


You could see 2 gnolls, an adder and 2 jackals.

Vanquished Creatures
  2 dart slugs (D:1)
  4 ball pythons
  5 bats
  2 endoplasms (D:1)
  2 giant cockroaches (D:1)
  3 goblins
  3 hobgoblins (D:1)
  6 jackals (D:2)
  2 quokkas
  3 frilled lizards (D:1)
  8 kobolds
  8 rats
48 creatures vanquished.

Notes
Turn   | Place    | Note
-------+----------+-------------------------------------------
     0 | D:1      | Dordric the Octopode Shapeshifter began the quest for the
                  | Orb.
     0 | D:1      | Reached XP level 1. HP: 13/13 MP: 1/1
     7 | D:1      | You fall into a shaft and drop 1 floor!
    76 | D:1      | Reached XP level 2. HP: 18/18 MP: 2/2
   117 | D:1      | Found Araiwot's Antique Weapon Boutique.
   216 | D:1      | Found Keaxukac's Jewellery Shop.
   329 | D:1      | Found Yrphihann's Magic Scroll Boutique.
   330 | D:1      | Found Xinni Fek's Magic Scroll Shop.
   330 | D:1      | Found Enein's Book Shop.
   334 | D:1      | Reached XP level 3. HP: 18/23 MP: 3/3
  1064 | D:2      | Found an ancient bone altar of Kikubaaqudgha.
  1127 | D:2      | Gained mutation: You have supernaturally acute eyesight.
                  | (SInv) [potion of mutation]
  1128 | D:2      | Slain by a jackal

Illustrated notes

Levels and vault maps discovered:
D:1:      minmay_arrival_arboretum_small, layout_basic, serial_shops, shop,
          nicolae_shop_tiny_glass, nicolae_diamond_shop, shop, shop
D:2:      layout_basic, basic_altar, nicolae_grassy_gnolls

Skill      XL: |  1  2  3 |
---------------+----------+-----
Fighting       | 2 |  2.0
Dodging        | |  2.6
Unarmed Combat | |  3.4
Shapeshifting  | |  3.4

Action                     || total
---------------------------++-------
  Melee: Unarmed           ||    72
         Constrict         ||    23
         Tentacles         ||    15
         Punch             ||     1
         Dagger            ||     8
    Use: Potion            ||     2
   Stab: Sleeping          ||    11
 Armour: Skin              ||    43
  Dodge: Dodged            ||    44

Table legend: (Time is in decaauts)
 A = Elapsed time spent in this place.
 B = Non-inter-level travel time spent in this place.
 C = Inter-level travel time spent in this place.
 D = Time resting spent in this place.
 E = Time spent auto-exploring this place.
 F = Levels seen in this place.
 G = Mean time per level.
                   A        B        C        D        E       F      G
               +--------+--------+--------+--------+--------+-----+--------+
         Total |   1122 |   1084 |     38 |      0 |    811 |   2 |  561.0 |
       Dungeon |   1122 |   1084 |     38 |      0 |    811 |   2 |  561.0 |
               +--------+--------+--------+--------+--------+-----+--------+

Top non-repeatable levels by time:
     D:1: 850 daAuts
     D:2: 271 daAuts
